 Dungeon Crawl Stone Soup version 0.17-a0-1731-g129c023 (webtiles) character file.

53 quinotauri the Chopper (level 3, 12/34 HPs)
             Began as a Deep Dwarf Berserker on Aug 29, 2015.
             Was a Believer of Trog.
             Quit the game on level 2 of the Dungeon.
             The game lasted 00:07:40 (876 turns).

quinotauri the Chopper (Deep Dwarf Berserker)        Turns: 876, Time: 00:07:40

Health: 12/34      AC:  3    Str: 21    XL:     3   Next: 64%
Magic:  3/3        EV: 15    Int:  7    God:    Trog [**....]
Gold:   35         SH:  0    Dex: 12    Spells: 0 memorised, 2 levels left

rFire  . . .     SeeInvis .     a - +0 hand axe
rCold  . . .     Clarity  .     f - +0 leather armour (curse)
rNeg   . . .     SustAt   .     (no shield)
rPois  .         Gourm    .     (no helmet)
rElec  .         Spirit   .     (no cloak)
rCorr  .         Warding  .     (no gloves)
rMut   .         Stasis   .     (no boots)
MR     .....                    (no amulet)
Stlth  +.........               (no ring)
                                j - +3 ring of evasion

@: mildly poisoned (12 -> 12), non-regenerating, not resistant to hostile
enchantments, very unstealthy
A: damage resistance, recharge devices, sense surroundings 1, slow healing 3
a: Device Recharging, Burn Spellbooks, Berserk, Trog's Hand, Renounce Religion


You were on level 2 of the Dungeon.
You worshipped Trog.
Trog was pleased with you.
You were not hungry.

You visited 1 branch of the dungeon, and saw 2 of its levels.

You collected 35 gold pieces.

Inventory:

Hand weapons
 a - a +0 hand axe (weapon)
Armour
 b - a +0 animal skin
 f - a cursed +0 leather armour (worn)
 m - a +0 chain mail
Jewellery
 j - a +3 ring of evasion (left hand)
Magical devices
 c - a wand of heal wounds (5)
Scrolls
 e - 2 scrolls of identify {unknown}
 g - a scroll of recharging {unknown}
 l - a scroll of magic mapping {unknown}
 n - a scroll of teleportation {unknown}
Potions
 h - a potion of cancellation {unknown}
 i - a potion of magic {unknown}
Comestibles
 d - a bread ration
 k - 4 fruits


   Skills:
 + Level 3.1 Fighting
 * Level 4.3 Axes
 + Level 2.4 Armour
 + Level 2.5 Dodging
 + Level 0.6 Stealth


You had 2 spell levels left.
You didn't know any spells.

Dungeon Overview and Level Annotations

Branches:
Dungeon (2/15)

Altars:


Innate Abilities, Weirdness & Mutations

You are resistant to damage.
You can recharge devices by infusing magical energy.
You passively map a small area around you.
You do not heal naturally.


Message History

The jackal completely misses you. The jackal misses you.
The jackal barely misses you.
You barely miss the jackal. You closely miss the jackal. You hit the jackal.
The jackal is almost dead.
The jackal barely misses you.
The jackal bites you but does no damage.
The jackal misses you.
The jackal bites you but does no damage. x2
You barely miss the jackal. You closely miss the jackal.
The jackal is almost dead.
You hit the jackal.
The jackal is heavily wounded.
You closely miss the jackal. The jackal completely misses you.
The jackal barely misses you.
The jackal bites you but does no damage. x2
The jackal misses you. The jackal closely misses you.
Unknown command.
Quiver which item? (- for none, * to show all) (? for menu, Esc to quit)
Okay, then.
Are you sure you want to abandon this character and quit the game? (Confirm with "yes".)

* * ** * ,,...........#
...........# ...........#
, ,(..........#
,...[.......#* , ,
...........#
.....ghh...#.#.....#
......h@...#.#.....# , ,
......h....# ......# #.#
..........[## .....# #.#
....).......###.##.###..
,
.....................#..
,
.................#.#.#..
...............†.†......
*########.##.....##.#....
#.......#........


You could see 4 jackals and a hobgoblin.

Vanquished Creatures
  2 adders (D:2)
  An ooze (D:1)
  2 giant geckos (D:1)
  7 goblins
  4 hobgoblins (D:1)
  7 bats (D:1)
  A giant cockroach (D:1)
  A giant newt (D:1)
  3 kobolds
  3 rats
31 creatures vanquished.

Notes
Turn   | Place    | Note
--------------------------------------------------------------
     0 | D:1      | quinotauri the Deep Dwarf Berserker began the quest for the Orb.
     0 | D:1      | Reached XP level 1. HP: 20/20 MP: 1/1
   124 | D:1      | Reached XP level 2. HP: 22/27 MP: 2/2
   552 | D:1      | Acquired Trog's second power
   552 | D:1      | Reached skill level 4 in Axes
   582 | D:1      | Reached XP level 3. HP: 15/34 MP: 3/3
   876 | D:2      | Quit the game

Vault maps used:
D:1:      nicolae_arrival_washed_ashore
D:2:      first_bread, hangedman_decor_clover_reticule

Action                   || total
-------------------------++-------
Melee: Hand axe          ||    99
 Stab: Sleeping          ||     1
